 Dungeon Crawl Stone Soup version 0.31-a0-1074-g0b22e4e0f1 (webtiles) character file.

Game seed: 1893065567933330094

375 Crabhammer the Insei (level 6, -4/85 HPs)
             Began as an Octopode Shapeshifter on Nov 29, 2023.
             Slain by an ogre
             ... wielding a +0 giant club
              (12 damage)
             ... on level 5 of the Dungeon on Dec 10, 2023.
             The game lasted 00:18:04 (3430 turns).

Crabhammer the Insei (Octopode Shapeshifter)        Turns: 3430, Time: 00:18:04

Health: -4/85      AC: 23    Str: 13    XL:     6   Next: 73%
Magic:  6/6        EV:  2    Int: 13    God:
Gold:   170        SH:  0    Dex: 13    Spells: 5/5 levels left

rFire   . . .        x - +3 dagger (venom)
rCold   . . .        (no shield)
rNeg    . . .        (helmet currently unavailable)
rPois   +            (no amulet)
rElec   .            (no ring)
rCorr   .            (no ring)
SInv    .            (no ring)
Will    .....        (no ring) Stlth
                     (no ring)
HPRegen 0.34/turn    (no ring)
MPRegen 0.10/turn    (no ring)
                     (no ring)

%: no passive effects
@: berserking, tree-form, very quick
A: stationary, stasis, torment immunity, boosted hp, almost no armour,
(amphibious), 8 rings, (camouflage 1), (gelatinous body 1), (nimble swimmer 1),
(tentacles)
a: no special abilities


You were on level 5 of the Dungeon.
You were a tree.
You visited 1 branch of the dungeon, and saw 5 of its levels.

You collected 170 gold pieces.

Inventory:

Hand Weapons
 x - a +3 dagger of venom (weapon)
Missiles
 f - 52 stones
 l - 9 javelins
 p - 4 boomerangs (quivered)
Talismans
 b - a beast talisman
 c - a flux talisman
Wands
 r - a wand of roots (4)
Scrolls
 e - 2 scrolls of fear
 h - a scroll of blinking
 j - 4 scrolls of teleportation
Potions
 d - 5 potions of mutation
 g - a potion of curing {unknown}
 i - a potion of brilliance {unknown}
 s - 2 potions of cancellation {unknown}
 t - a potion of might {unknown}
 u - a potion of berserk rage
 v - a potion of magic {unknown}


   Skills:
 - Level 1.0 Fighting
 - Level 2.0 Dodging
 - Level 5.4 Unarmed Combat
 + Level 5.4 Shapeshifting


You had 5 spell levels left.
You didn't know any spells.
Your spell library was empty.

Dungeon Overview and Level Annotations

Branches:
Dungeon (5/15)
 Temple: D:4-7

Altars:
Dithmenos
Elyvilon
Makhleb
Okawaru
Qazlal
Uskayaw
Zin

Shops:
D:3 :   D:4 :


Innate Abilities, Weirdness & Mutations

You are a tree.
Your roots penetrate the ground, keeping you stationary.
You cannot be teleported.
You are immune to unholy pain and torment.
Your maximum health is greatly increased.
You cannot wear most types of armour.
((You are amphibious.))
You can wear up to eight rings at the same time.
((Your skin changes colour to match your surroundings (Stealth+).))
((Your rubbery body absorbs attacks. (AC +1, EV +1)))
((You are camouflaged when in or above water. (Stealth+)))
((You have tentacles for arms and can constrict up to eight enemies at once.))


Message History

The jelly attacks as it pursues you! The jelly closely misses you.
You hit the jelly.
Your tentacles burn!
The jelly is severely wounded.
The jelly hits you.
You are splashed with acid!
* * * LOW HITPOINT WARNING * * *
Your transformation has ended.
You turn into a tree.
Your roots penetrate the ground.
You kill the jelly!
You start resting.
An ogre comes into view. It is wielding a +0 giant club.
Aiming: Fastroot
Press: ? - help, Shift-Dir - straight line, f - ogre
Aim: an ogre, wielding a +0 giant club The roots erupt in riotous growth!
Roots grab the ogre.
The grasping roots constrict the ogre.
The ogre escapes!
Aiming: Fastroot
Press: ? - help, Shift-Dir - straight line, f/p - ogre
Aim: an ogre, wielding a +0 giant club (lightly wounded)
The roots erupt in riotous growth!
Roots grab the ogre.
The grasping roots constrict the ogre.
The ogre struggles to escape constriction.
It was a potion of berserk rage.
A red film seems to cover your vision as you go berserk!
You feel yourself moving faster!
You feel mighty!
The grasping roots constrict the ogre.
The ogre struggles to escape constriction.
You are too berserk!
You are too berserk!
You feel a strong urge to attack something.
The grasping roots constrict the ogre.
The roots release their grip on the ogre.
You barely miss the ogre. Your punch misses the ogre.
The ogre is heavily wounded.
You hit the ogre.
The ogre is poisoned.
The ogre is severely wounded.
You are no longer corroded.
The ogre hits you with a +0 giant club!
You die...

#.####.#
#.###..########
#.##...........
#.###..########
#<# #..#
#.###..######
#...........#
###########.#
#♣# #O#
#####.#####
#.........#
#.###.###).....#
#.# ....... #.#
....... ...
....... ###
.......


You could see an ogre (very poisoned).

Vanquished Creatures
  A jelly (D:5)
  4 orc priests (D:4)
  7 gnolls
  5 adders
  A worm (D:3)
  2 dart slugs (D:1)
  9 orcs
  6 bats
  6 endoplasms
  5 giant cockroaches
  7 goblins
  9 hobgoblins
  10 jackals
  3 quokkas
  9 ball pythons
  7 frilled lizards
  6 kobolds
  4 rats
101 creatures vanquished.

Notes
Turn   | Place    | Note
-------+----------+-------------------------------------------
     0 | D:1      | Crabhammer the Octopode Shapeshifter began the quest for
                  | the Orb.
     0 | D:1      | Reached XP level 1. HP: 13/13 MP: 1/1
    48 | D:1      | Found a faded altar of an unknown god.
   179 | D:1      | Reached XP level 2. HP: 18/18 MP: 2/2
   509 | D:1      | Reached XP level 3. HP: 17/23 MP: 3/3
   870 | D:2      | Reached XP level 4. HP: 27/28 MP: 4/4
  1064 | D:2      | Reached skill level 5 in Unarmed Combat
  1415 | D:2      | You fall into a shaft and drop 1 floor!
  1773 | D:3      | Reached XP level 5. HP: 27/33 MP: 5/5
  2631 | D:4      | Found Fimnub's Book Emporium.
  2809 | D:4      | Found a shadowy altar of Dithmenos.
  2810 | D:4      | Found a hide-covered altar of Uskayaw.
  2812 | D:4      | Found a stormy altar of Qazlal.
  2813 | D:4      | Found a burning altar of Makhleb.
  2814 | D:4      | Found an iron altar of Okawaru.
  2815 | D:4      | Found a white marble altar of Elyvilon.
  2974 | D:4      | Found a glowing silver altar of Zin.
  3000 | D:4      | Reached XP level 6. HP: 38/38 MP: 6/6
  3190 | D:4      | Reached skill level 5 in Shapeshifting
  3337 | D:5      | Entered Level 5 of the Dungeon
  3430 | D:5      | Slain by an ogre

Illustrated notes

Levels and vault maps discovered:
D:1:      dpeg_arrival_tiny_i, layout_rooms,
          shapermc_ecumenical_altar_totnotflames
D:2:      kennysheep_six_static_rooms, layout_basic
D:3:      layout_rooms, minmay_distorted
D:4:      layout_cave_pools, kennysheep_mini_moat, grunt_temple_overflow_open,
          serial_shops, shop, kennysheep_orc_chapel
D:5:      layout_loops_corners, old_standard_altar, grunt_gozag_breadcrumbs

Skill      XL: |  1  2  3  4  5  6 |
---------------+-------------------+-----
Unarmed Combat | 4 5 |  5.4
Shapeshifting  | 4 5 |  5.4
Fighting       | |  1.0
Dodging        | |  2.0

Action                     |  1- 3 |  4- 6 || total
---------------------------+-------+-------++-------
  Melee: Unarmed           |    79 |     2 ||    81
         Tentacles         |    13 |    27 ||    40
         Constrict         |    21 |    33 ||    54
         Dagger            |       |   101 ||   101
         Punch             |       |     2 ||     2
  Throw: Boomerang         |       |    29 ||    29
  Evoke: Wand              |       |     3 ||     3
    Use: Scroll            |       |    10 ||    10
         Potion            |       |     2 ||     2
   Stab: Sleeping          |     5 |     6 ||    11
         Distracted        |     1 |       ||     1
 Armour: Skin              |    31 |    39 ||    70
  Dodge: Dodged            |    39 |    53 ||    92

Table legend: (Time is in decaauts)
 A = Elapsed time spent in this place.
 B = Non-inter-level travel time spent in this place.
 C = Inter-level travel time spent in this place.
 D = Time resting spent in this place.
 E = Time spent auto-exploring this place.
 F = Levels seen in this place.
 G = Mean time per level.
                   A        B        C        D        E       F      G
               +--------+--------+--------+--------+--------+-----+--------+
         Total |   3433 |   3217 |    216 |    705 |   1319 |   5 |  686.6 |
       Dungeon |   3433 |   3217 |    216 |    705 |   1319 |   5 |  686.6 |
               +--------+--------+--------+--------+--------+-----+--------+

Top non-repeatable levels by time:
     D:2: 1085 daAuts
     D:3: 970 daAuts
     D:4: 669 daAuts
     D:1: 655 daAuts
     D:5: 52 daAuts
